 Dungeon Crawl Stone Soup version 0.29-a0-234-g0dae59b3db (webtiles) character file.

Game seed: 4395993078678694993

2434 spaghetti the Fighter (level 9, -2/86 HPs)
             Began as a Demigod Fighter on Mar 4, 2022.
             Succumbed to a killer bee's poison
             ... on level 7 of the Dungeon.
             The game lasted 00:10:34 (9266 turns).

spaghetti the Fighter (Demigod Fighter)             Turns: 9266, Time: 00:10:34

Health: -2/86      AC:  8    Str: 21    XL:     9   Next: 4%
Magic:  11/11      EV:  9    Int: 18    God:
Gold:   249        SH:  5    Dex: 19    Spells: 8/8 levels left

rFire   . . .      SeeInvis .   k - +1 hand axe (elec) {axe}
rCold   . . .      Faith    .   c - +0 buckler
rNeg    . . .      Spirit   .   b - +0 scale mail
rPois   .          Reflect  .   w - +0 helmet
rElec   .          Harm     .   u - +0 cloak
rCorr   .          Rampage  .   (no gloves)
Will    .....                   (no boots)
Stlth   ..........              (no amulet)
HPRegen 0.24/turn               s - +6 ring of dexterity
MPRegen 0.12/turn               (no ring)

@: lethally poisoned (-2 -> -22)
A: high MP 1, forlorn, divine attributes
a: no special abilities


You were on level 7 of the Dungeon.
You visited 1 branch of the dungeon, and saw 7 of its levels.

You collected 347 gold pieces.
You spent 98 gold pieces at shops.


Innate Abilities, Weirdness & Mutations

You have an increased reservoir of magic. (+10% MP)
You shall have no god before yourself.
Your divine heritage dramatically boosts your attributes as you level up.


   Skills:
 + Level 10.4 Fighting
 - Level 2.5 Long Blades
 - Level 5.0 Axes
 - Level 2.6 Armour
 - Level 2.6 Shields


You had 8 spell levels left.
You didn't know any spells.
Your spell library contained the following spells:

 Spells                   Type           Power      Damage    Failure   Level
 Animate Skeleton         Necr           0%         N/A       63%         1
 Apportation              Tloc           0%         N/A       63%         1
 Foxfire                  Conj/Fire      0%         2x1d4     63%         1
 Magic Dart               Conj           0%         1d3       63%         1
 Summon Small Mammal      Summ           0%         N/A       63%         1
 Searing Ray              Conj           0%         2d4       77%         2
 Sublimation of Blood     Necr           0%         N/A       77%         2
 Wereblood                Tmut           0%         N/A       77%         2
 Conjure Flame            Conj/Fire      0%         6-21      94%         3
 Ignite Poison            Fire/Tmut/Pois 0%         N/A       94%         3
 Inner Flame              Hex/Fire       0%         N/A       94%         3
 Mephitic Cloud           Conj/Pois/Air  0%         N/A       94%         3
 Summon Guardian Golem    Hex/Summ       0%         N/A       94%         3
 Flame Wave               Conj/Fire      0%         2d4       100%        4
 Fulminant Prism          Conj/Hex       0%         3d6       100%        4
 Freezing Cloud           Conj/Ice/Air   0%         6-21      100%        5
 Orb of Destruction       Conj           0%         9d5       100%        7
 Spellforged Servitor     Conj/Summ      0%         N/A       100%        7
 Summon Hydra             Summ           0%         N/A       100%        7

Inventory:

Hand Weapons
 a - a +0 long sword {long}
 k - a +1 hand axe of electrocution (weapon) {axe}
   (You found it on level 1 of the Dungeon)
 l - a +0 hand axe of venom {axe}
   (You took it off an orc on level 4 of the Dungeon)
Missiles
 e - 76 stones (quivered) {throwing}
 i - 4 javelins {throwing}
 o - 8 boomerangs {throwing}
 x - a throwing net {=f!fthrowing}
 C - 6 poisoned darts {throwing}
Armour
 b - a +0 scale mail (worn)
 c - a +0 buckler (worn)
 u - a +0 cloak (worn)
   (You bought it in a shop on level 5 of the Dungeon)
 w - a +0 helmet (worn)
   (You bought it in a shop on level 5 of the Dungeon)
Magical Staves
 f - a staff of earth {!astaff}
   (You found it on level 2 of the Dungeon)
Jewellery
 m - a ring of see invisible
   (You found it on level 2 of the Dungeon)
 s - a +6 ring of dexterity (left hand)
   (You found it on level 5 of the Dungeon)
 A - a ring of protection from cold
   (You took it off a gnoll on level 6 of the Dungeon)
 B - a ring of fire
   (You took it off a gnoll on level 6 of the Dungeon)
Wands
 g - a wand of flame (8)
   (You took it off Ijyb on level 3 of the Dungeon)
 r - a wand of acid (1)
   (You found it on level 4 of the Dungeon)
Scrolls
 h - 2 scrolls of teleportation {@r4}
 n - a scroll of torment {!r}
 p - a scroll of amnesia
 q - 6 scrolls of identify {@r1}
 t - a scroll of fog
 v - a scroll of magic mapping {!r}
 y - a scroll of enchant armour
Potions
 d - a potion of cancellation
 j - a potion of attraction {!q}
 z - a potion of brilliance

Dungeon Overview and Level Annotations

Branches:
Dungeon (7/15)             Temple (0/1) D:4

Shops:
D:1 ? D:5

[
##################
.................#
.................#
.................#
.......@y.<......#
.......y.........#
.................#
.................#
.................#
.................#
.................#
.................#
................#


You could see 2 killer bees.


Message History

You miss the killer bee.
You hit the killer bee but do no damage. x2
You feel sick. The killer bee stings you.
The killer bee stings you but does no damage.
The killer bee completely misses you. The killer bee closely misses you.
You block the killer bee's attack.
The killer bee stings you but does no damage. 😮 HP[-6]
You take 6 damage, and now have 57/86 hp.
You hit the killer bee. You completely miss the killer bee.
You hit the killer bee but do no damage.
Lightning courses through the killer bee!
You feel sick. The killer bee stings you.
You are more poisoned.
The killer bee poisons you! You block the killer bee's attack.
The killer bee stings you. You block the killer bee's attack.
The killer bee stings you.
You are more poisoned.
The killer bee poisons you! The killer bee stings you.
* * * LOW HITPOINT WARNING * * *
😨 HP[-15]
You take 15 damage, and now have 42/86 hp.
Okay, then.
Okay, then.
Okay, then.
As you read the scroll of teleportation {@r4}, it crumbles to dust.
You feel strangely unstable.
You feel very sick. You block the killer bee's attack.
The killer bee stings you.
* * * LOW HITPOINT WARNING * * *
You block the killer bee's attack. The killer bee stings you.
* * * LOW HITPOINT WARNING * * *
You block the killer bee's attack. The killer bee stings you.
* * * LOW HITPOINT WARNING * * *
You are more poisoned.
The killer bee poisons you! 😨 HP[-11]
You take 11 damage, and now have 31/86 hp.
Unknown command.
Unknown command.
You feel strangely stable.
You feel magically purged.
You feel very sick. You block the killer bee's attack.
The killer bee barely misses you.
The killer bee stings you but does no damage.
The killer bee barely misses you.
The killer bee stings you but does no damage.
You block the killer bee's attack. 😨 HP[-4]
You take 4 damage, and now have 27/86 hp.
You are quite poisoned (27 -> 13).
Your movement speed is average.
Your attack delay is about 1.0.
Your base attributes are Str 21, Int 18, Dex 13.
You feel very sick. The killer bee stings you.
* * * LOW HITPOINT WARNING * * *
You are more poisoned.
The killer bee poisons you!
The killer bee stings you but does no damage. x2
The killer bee stings you.
* * * LOW HITPOINT WARNING * * *
😱 HP[-7]
You take 7 damage, and now have 20/86 hp.
Unknown command.
You are seriously poisoned (20 -> 2).
Your movement speed is average.
Your attack delay is about 1.0.
Your base attributes are Str 21, Int 18, Dex 13.
* * * LOW HITPOINT WARNING * * *
You feel very sick.
The killer bee barely misses you. x2 😱 HP[-4]
You take 4 damage, and now have 16/86 hp.
Unknown command.
Unknown command.
Unknown command.
You are seriously poisoned (16 -> 2).
Your movement speed is average.
Your attack delay is about 1.0.
Your base attributes are Str 21, Int 18, Dex 13.
* * * LOW HITPOINT WARNING * * *
You feel very sick.
The killer bee stings you but does no damage.
The killer bee stings you.
* * * LOW HITPOINT WARNING * * *
You are more poisoned.
The killer bee poisons you! You block the killer bee's attack.
The killer bee stings you!
* * * LOW HITPOINT WARNING * * *
😱 HP[-14]
You take 14 damage, and now have 2/86 hp.
Unknown command.
Unknown command.
Unknown command.
Unknown command.
Okay, then.
You hit the killer bee but do no damage.
You hit the killer bee.
You hit the killer bee but do no damage.
Lightning courses through the killer bee!
You kill the killer bee!
You die...

Skill      XL: |  1  2  3  4  5  6  7  8 |
---------------+-------------------------+-----
Long Blades    | 2 |  2.5
Axes           | 1 4 5 |  5.0
Fighting       | 3 5 7 10 | 10.4
Armour         | |  2.6
Shields        | |  2.6

Action                   |  1- 3 |  4- 6 |  7- 9 || total
-------------------------+-------+-------+-------++-------
Melee: Long sword        |    23 |       |       ||    23
       Hand axe          |    44 |   174 |   243 ||   461
Throw: Stone             |       |     3 |       ||     3
Evoke: Wand              |       |       |     3 ||     3
  Use: Potion            |     4 |     7 |     1 ||    12
       Scroll            |       |     6 |     8 ||    14
 Stab: Invisible         |       |     3 |       ||     3
Armor: Scale mail        |    32 |    55 |   103 ||   190
       Skin              |    38 |       |       ||    38
Dodge: Dodged            |    18 |    54 |   122 ||   194
Block: Buckler           |    21 |    30 |    63 ||   114

Levels and vault maps discovered:
D:1:      dpeg_arrival_rooms_with_view, layout_loops_cross, serial_shops,
          nicolae_shop_hallway_stairs, serial_bayou_pond_d, minmay_tetromino_l2
D:2:      layout_basic, shapermc_ecumenical_altar_totnotflames, uniq_sigmund,
          uniq_robin, uniq_terence
D:3:      layout_loops_cross, tgw_xom, mainiacjoe_overflow_alcove_4,
          mainiacjoe_overflow_cross_hatched, uniq_ijyb
D:4:      layout_loops_ring, fedhas_altar_1, mainiacjoe_overflow_paths,
          kennysheep_mini_moat, mainiacjoe_overflow_catwalk_spiral,
          minmay_temple_entry_junction_2, minmay_surrounded
D:5:      layout_cave_pods, grunt_temple_overflow_holy_war,
          nicolae_dithmenos_through_a_glass_darkly, lemuel_doored_altar,
          serial_shops, shop, amcnicky_mini_corridor_feature,
          grunt_decor_mini_mirrors, uniq_pikel
D:6:      layout_cave_pods, general_overflow_altar,
          mainiacjoe_overflow_alcove_2, amcnicky_mini_rare_corridor_liquid
D:7:      layout_gridville

Notes
Turn   | Place    | Note
-------+----------+-------------------------------------------
     0 | D:1      | spaghetti the Demigod Fighter began the quest for the Orb.
     0 | D:1      | Reached XP level 1. HP: 18/18 MP: 3/3
     0 | D:1      | magus.rc [v1.9.6]
   100 | D:1      | Found Ejosoj's Magic Scroll Shoppe.
   137 | D:1      | Reached skill level 2 in Long Blades
   235 | D:1      | You pick up a book of Blood and begin reading...
   235 | D:1      | You add the spells Sublimation of Blood, Wereblood and
                  | Summon Hydra to your library.
   587 | D:1      | You pick up a book of Conjurations {@e2} and begin
                  | reading...
   587 | D:1      | You add the spells Magic Dart, Searing Ray and Fulminant
                  | Prism to your library.
   821 | D:2      | Reached XP level 2. HP: 25/25 MP: 4/4
   834 | D:2      | Reached skill level 1 in Axes
  1132 | D:2      | Noticed Sigmund
  1141 | D:2      | Reached XP level 3. HP: 15/30 MP: 5/5
  1168 | D:2      | Reached skill level 2 in Axes
  1169 | D:2      | Killed Sigmund
  1170 | D:2      | Reached skill level 4 in Axes
  1170 | D:2      | Reached XP level 4. HP: 36/37 MP: 6/6
  1170 | D:2      | Reached XP level 5. HP: 42/42 MP: 7/7
  1240 | D:2      | Noticed Robin
  1247 | D:2      | Killed Robin
  1336 | D:2      | You pick up a book of Cantrips and begin reading...
  1336 | D:2      | You add the spells Animate Skeleton, Summon Small Mammal
                  | and Apportation to your library.
  1726 | D:2      | Noticed Terence
  1733 | D:2      | Killed Terence
  1878 | D:2      | Reached skill level 5 in Axes
  2200 | D:3      | Noticed Ijyb
  2210 | D:3      | HP: 7/44 [Ijyb/puff of flame (5)]
  2621 | D:3      | Killed Ijyb
  2622 | D:3      | Reached skill level 3 in Fighting
  2763 | D:3      | Reached XP level 6. HP: 34/51 MP: 8/8
  2888 | D:3      | You pick up a book of Dangerous Friends and begin
                  | reading...
  2888 | D:3      | You add the spells Summon Guardian Golem, Orb of
                  | Destruction and Spellforged Servitor to your library.
  3482 | D:4      | You add the spells Ignite Poison, Mephitic Cloud and
                  | Freezing Cloud to your library.
  3500 | D:4      | Reached skill level 4 in Fighting
  3607 | D:4      | You pick up a book of Flames and begin reading...
  3607 | D:4      | You add the spells Foxfire, Conjure Flame, Inner Flame and
                  | Flame Wave to your library.
  3722 | D:4      | Found a staircase to the Ecumenical Temple.
  4463 | D:4      | Reached skill level 5 in Fighting
  4784 | D:5      | Entered Level 5 of the Dungeon
  4956 | D:5      | Reached XP level 7. HP: 60/61 MP: 9/9
  5456 | D:5      | Noticed Pikel
  5463 | D:5      | Reached skill level 6 in Fighting
  5479 | D:5      | HP: 15/63 [Pikel/+0 whip of freezing (1)]
  5482 | D:5      | Killed Pikel
  5483 | D:5      | Reached skill level 7 in Fighting
  5483 | D:5      | Reached XP level 8. HP: 15/74 MP: 10/10
  5870 | D:5      | Found Laoj's Armour Shoppe.
  5878 | D:5      | Bought a +0 cloak for 49 gold pieces
  5878 | D:5      | Bought a +0 helmet for 49 gold pieces
  5951 | D:5      | Reached skill level 8 in Fighting
  6001 | D:5      | HP: 13/74 [gnoll/+0 halberd (9)]
  6003 | D:5      | HP: 2/74 [gnoll/+0 halberd (9)]
  7059 | D:5      | Noticed a profane servitor
  7354 | D:6      | Reached skill level 9 in Fighting
  7780 | D:6      | HP: 15/78 [gnoll/+0 halberd (5)]
  8325 | D:6      | Reached skill level 10 in Fighting
  8341 | D:6      | HP: 16/79 [gnoll/+0 halberd (5)]
  8857 | D:6      | Reached XP level 9. HP: 68/85 MP: 11/11
  9263 | D:7      | HP: 20/86 [killer bee (2)]
  9265 | D:7      | HP: 2/86 [killer bee (8)]
  9266 | D:7      | Succumbed to a killer bee's poison

Vanquished Creatures
  Pikel (D:5)
  Sigmund (D:2)
  A water moccasin (D:6)
  2 sky beasts (D:5)
  2 ogres
  3 phantoms
  A lemure (D:5)
  A necrophage (D:6)
  A gnoll sergeant (D:6)
  2 killer bees (D:7)
  A howler monkey (D:6)
  A hound (D:5)
  5 orc priests
  2 gnoll shamans
  Ijyb (D:3)
  Terence (D:2)
  2 iguanas
  5 orc wizards
  Robin (D:2)
  24 gnolls
  8 adders
  A worm (D:2)
  A dart slug (D:1)
  22 orcs
  3 endoplasms
  2 giant cockroaches
  7 hobgoblins
  5 quokkas
  6 ball pythons
  5 bats
  5 frilled lizards
  13 goblins
  5 kobolds
  3 rats
144 creatures vanquished.

Table legend:
 A = Non-vault XP
 B = Vault XP
 C = Vault XP percentage of total XP
 D = Non-vault monster count
 E = Vault monster count
 F = Vault count percentage of total count
                 A         B        C        D         E       F
            +---------+---------+-------+---------+---------+-------
      Total |    2424 |    1117 |  31.5 |     115 |      28 |  19.6
            +---------+---------+-------+---------+---------+-------
        D:1 |       6 |       8 |  57.1 |       4 |       4 |  50.0
        D:2 |      59 |     302 |  83.7 |      21 |      13 |  38.2
        D:3 |      54 |      86 |  61.4 |      16 |       8 |  33.3
        D:4 |     302 |      15 |   4.7 |      17 |       2 |  10.5
        D:5 |     710 |     706 |  49.9 |      25 |       1 |   3.8
        D:6 |    1167 |       0 |   0.0 |      30 |       0 |   0.0
        D:7 |     126 |       0 |   0.0 |       2 |       0 |   0.0
            +---------+---------+-------+---------+---------+-------

Illustrated notes

Table legend:
 A = Kills in this place as a percentage of kills in entire the game.
 B = Kills by you in this place as a percentage of kills by you in the entire game.
 C = Kills by friends in this place as a percentage of kills by friends in the entire game.
 D = Other kills in this place as a percentage of other kills in the entire game.
 E = Experience gained in this place as a percentage of experience gained in the entire game.
 F = Experience gained in this place divided by the number of levels of this place that you have seen.
                   A       B       C       D       E      F
               +-------+-------+-------+-------+-------+----------------------
         Total | 100.0 | 100.0 |   N/A |   N/A | 100.0 | 505.9
       Dungeon | 100.0 | 100.0 |   N/A |   N/A | 100.0 | 505.9
               +-------+-------+-------+-------+-------+----------------------

Table legend: (Time is in decaauts)
 A = Elapsed time spent in this place.
 B = Non-inter-level travel time spent in this place.
 C = Inter-level travel time spent in this place.
 D = Time resting spent in this place.
 E = Time spent auto-exploring this place.
 F = Levels seen in this place.
 G = Mean time per level.
                   A        B        C        D        E       F      G
               +--------+--------+--------+--------+--------+-----+--------+
         Total |   9324 |   9127 |    197 |   3240 |   4858 |   7 | 1332.0 |
       Dungeon |   9324 |   9127 |    197 |   3240 |   4858 |   7 | 1332.0 |
               +--------+--------+--------+--------+--------+-----+--------+

Top non-repeatable levels by time:
     D:5: 2299 daAuts
     D:6: 1917 daAuts
     D:4: 1703 daAuts
     D:2: 1479 daAuts
     D:3: 1083 daAuts
     D:1: 826 daAuts
     D:7: 15 daAuts
